BLB
INDIANAPOLIS CLOWNS @ WASHINGTON BATS
05/10/2060
 
TOP OF THE 1ST
Indianapolis Clowns batting - Pitching for Washington Bats : LHP Hayden Watkins
Pitching: LHP Hayden Watkins
Batting: RHB Gage Hay 0-0: Called Strike
0-1: Ball
1-1: Ball
2-1: Ball
3-1: Base on Balls
Batting: RHB Tom Holderness 0-0: Ball
Gage Hay steals 2nd base (no throw)
1-0: Called Strike
1-1: Called Strike
1-2: Strikes out swinging
Batting: RHB Lee Vincent 0-0: Ball
1-0: Ball
2-0: Foul Ball, location: 2F
2-1: Foul Ball, location: 2F
2-2: Foul Ball, location: 2F
2-2: Ball
3-2: DOUBLE (Line Drive, 78XD, EV 105.0 MPH)
Gage Hay scores
Batting: RHB Bryant Francis 0-0: Ball
1-0: Called Strike
1-1: Swinging Strike
1-2: Ball
2-2: Foul Ball, location: 2F
2-2: Strikes out looking
Batting: SHB Darren Lane 0-0: Ball
1-0: Ball
2-0: Ball
3-0: Called Strike
3-1: Swinging Strike
3-2: Fly out, F2 (Popup, 3SF, EV 78.8 MPH)
Top of the 1st over - 1 run, 1 hit, 0 errors, 1 left on base; Indianapolis 1 - Washington 0
BOTTOM OF THE 1ST
Washington Bats batting - Pitching for Indianapolis Clowns : RHP Cooper Welsh
Pitching: RHP Cooper Welsh
Batting: RHB Owen Dooley 0-0: Ball
1-0: Foul Ball, location: 2F
1-1: Foul Ball, location: 2F
1-2: Foul Ball, location: 2F
1-2: Ball
2-2: Ball
3-2: Foul Ball, location: 2F
3-2: SINGLE (Flyball, 89S, EV 97.5 MPH)
Batting: RHB Raymond Dixon 0-0: Ball
1-0: Called Strike
1-1: Called Strike
1-2: Ball
2-2: Ball
3-2: Grounds into double play, 5-4-3 (Groundball, 56, EV 90.0 MPH)
Batting: RHB Parker Lee 0-0: Called Strike
0-1: Swinging Strike
0-2: Ball
1-2: Foul Ball, location: 2F
1-2: Ball
2-2: Foul Ball, location: 2F
2-2: Ball
3-2: SINGLE (Line Drive, 7S, EV 96.2 MPH)
Batting: RHB Neall Rabah 0-0: Swinging Strike
0-1: Foul Ball, location: 2F
0-2: Ball
1-2: Ball
2-2: Ball
3-2: Ground out 4-3 (Groundball, 4, EV 85.6 MPH)
Bottom of the 1st over - 0 runs, 2 hits, 0 errors, 1 left on base; Indianapolis 1 - Washington 0
TOP OF THE 2ND
Indianapolis Clowns batting - Pitching for Washington Bats : LHP Hayden Watkins
Batting: RHB Jett Speer 0-0: Foul Ball, location: 2F
0-1: Ball
1-1: Ball
2-1: Ball
3-1: SINGLE (Groundball, 4MD, EV 97.5 MPH)
Batting: LHB Grady Faulkner 0-0: Ball
1-0: Called Strike
1-1: Ball
2-1: Swinging Strike
2-2: Ball
3-2: Fly out, F9 (Flyball, 9, EV 87.5 MPH)
Batting: RHB Blake Kahn 0-0: Grounds into double play, 5-4-3 (Groundball, 56S, EV 86.2 MPH)
Top of the 2nd over - 0 runs, 1 hit, 0 errors, 0 left on base; Indianapolis 1 - Washington 0
BOTTOM OF THE 2ND
Washington Bats batting - Pitching for Indianapolis Clowns : RHP Cooper Welsh
Batting: LHB Joel Bell 0-0: Called Strike
0-1: Foul Ball, location: 2F
0-2: Ball
1-2: Foul Ball, location: 2F
1-2: Foul Ball, location: 2F
1-2: Fly out, F8 (Flyball, 8LM, EV 86.2 MPH)
Batting: RHB Louis Hockney 0-0: Called Strike
0-1: Foul Ball, location: 2F
0-2: Foul Ball, location: 2F
0-2: SINGLE (Line Drive, 78S, EV 88.8 MPH)
Batting: RHB Derek Engledow 0-0: Ball
1-0: Ball
2-0: Ball
3-0: Called Strike
3-1: DOUBLE (Line Drive, 9LS, EV 103.8 MPH)
Louis Hockney to third
Batting: LHB Evan Wilson 0-0: Ball
1-0: Ball
2-0: Ball
3-0: Called Strike
3-1: Ground out U3 (Groundball, 34, EV 100.6 MPH)
Louis Hockney scores
Derek Engledow to third
Batting: RHB Jeremy Hollabaugh 0-0: Ball
1-0: Ground out 6-3 (Groundball, 56, EV 80.0 MPH)
Bottom of the 2nd over - 1 run, 2 hits, 0 errors, 1 left on base; Indianapolis 1 - Washington 1
TOP OF THE 3RD
Indianapolis Clowns batting - Pitching for Washington Bats : LHP Hayden Watkins
Batting: RHB Jared Bradley 0-0: Ball
1-0: Ball
2-0: Foul Ball, location: 2F
2-1: Foul Ball, location: 2F
2-2: Strikes out swinging
Batting: RHB Gage Hay 0-0: Called Strike
0-1: Ball
1-1: Ball
2-1: Ball
3-1: Base on Balls
Batting: RHB Tom Holderness 0-0: Ball
1-0: Reached on error, E4 (Groundball, 4, EV 100.6 MPH)
Gage Hay to second
Batting: RHB Lee Vincent 0-0: Grounds into double play, 6-4-3 (Groundball, 6, EV 86.9 MPH)
Top of the 3rd over - 0 runs, 0 hits, 1 error, 1 left on base; Indianapolis 1 - Washington 1
BOTTOM OF THE 3RD
Washington Bats batting - Pitching for Indianapolis Clowns : RHP Cooper Welsh
Pitching: RHP Quintin Shaw
Batting: RHB Owen Dooley 0-0: Ball
1-0: Foul Ball, location: 2F
1-1: Swinging Strike
1-2: Ball
2-2: Ball
3-2: SINGLE (Groundball, 56D, EV 102.5 MPH)
Batting: RHB Raymond Dixon 0-0: Called Strike
Pickoff Throw to First - Out! 1-3
0-1: Foul Ball, location: 2F
0-2: Strikes out swinging
Batting: RHB Parker Lee 0-0: Ball
1-0: Ground out 3-1 (Groundball, 34, EV 88.8 MPH)
Bottom of the 3rd over - 0 runs, 1 hit, 0 errors, 0 left on base; Indianapolis 1 - Washington 1
TOP OF THE 4TH
Indianapolis Clowns batting - Pitching for Washington Bats : LHP Hayden Watkins
Batting: RHB Bryant Francis 0-0: Ball
1-0: Ball
2-0: Ball
3-0: Base on Balls
Batting: SHB Darren Lane 0-0: Foul Ball, location: 2F
0-1: Foul Ball, location: 2F
0-2: Strikes out swinging
Batting: RHB Jett Speer 0-0: Called Strike
0-1: Called Strike
0-2: Strikes out swinging
Batting: LHB Grady Faulkner 0-0: Called Strike
0-1: Foul Ball, location: 2F
0-2: Ball
1-2: Strikes out swinging
Top of the 4th over - 0 runs, 0 hits, 0 errors, 1 left on base; Indianapolis 1 - Washington 1
BOTTOM OF THE 4TH
Washington Bats batting - Pitching for Indianapolis Clowns : RHP Quintin Shaw
Batting: RHB Neall Rabah 0-0: Foul Ball, location: 2F
0-1: Ball
1-1: Foul Ball, location: 2F
1-2: Strikes out looking
Batting: LHB Joel Bell 0-0: Called Strike
0-1: Ball
1-1: DOUBLE (Flyball, 89D, EV 94.4 MPH)
Batting: RHB Louis Hockney 0-0: Foul Ball, location: 2F
0-1: Ground out U3 (Groundball, 34, EV 101.2 MPH)
Joel Bell to third
Batting: RHB Derek Engledow 0-0: Ball
1-0: 2-RUN HOME RUN (Flyball, 7D, EV 93.8 MPH), Distance : 355 ft
Batting: LHB Evan Wilson 0-0: Ball
1-0: Called Strike
1-1: Foul Ball, location: 2F
1-2: Ground out 3-1 (Groundball, 34, EV 86.2 MPH)
Bottom of the 4th over - 2 runs, 2 hits, 0 errors, 0 left on base; Indianapolis 1 - Washington 3
TOP OF THE 5TH
Indianapolis Clowns batting - Pitching for Washington Bats : LHP Hayden Watkins
Batting: RHB Blake Kahn 0-0: Ball
1-0: Called Strike
1-1: Called Strike
1-2: Foul Ball, location: 2F
1-2: Foul Ball, location: 2F
1-2: Ground out 4-3 (Groundball, 34D, EV 84.4 MPH)
Batting: RHB Jared Bradley 0-0: SINGLE (Groundball, 6S, EV 76.2 MPH) (infield hit)
Batting: RHB Gage Hay 0-0: Called Strike
0-1: Foul Ball, location: 2F
0-2: Ball
1-2: Strikes out swinging
Jared Bradley is caught stealing 2nd base 2-4
Batter strikes out.
Top of the 5th over - 0 runs, 1 hit, 0 errors, 0 left on base; Indianapolis 1 - Washington 3
BOTTOM OF THE 5TH
Washington Bats batting - Pitching for Indianapolis Clowns : RHP Quintin Shaw
Batting: RHB Jeremy Hollabaugh 0-0: Ball
1-0: Called Strike
1-1: Called Strike
1-2: Strikes out swinging
Batting: RHB Owen Dooley 0-0: Ball
1-0: Swinging Strike
1-1: Ground out U3 (Groundball, 34, EV 89.4 MPH)
Batting: RHB Raymond Dixon 0-0: Ball
1-0: Called Strike
1-1: Fly out, F9 (Flyball, 9, EV 77.5 MPH)
Bottom of the 5th over - 0 runs, 0 hits, 0 errors, 0 left on base; Indianapolis 1 - Washington 3
TOP OF THE 6TH
Indianapolis Clowns batting - Pitching for Washington Bats : LHP Hayden Watkins
Batting: RHB Tom Holderness 0-0: Called Strike
0-1: Called Strike
0-2: Foul Ball, location: 2F
0-2: Strikes out looking
Batting: RHB Lee Vincent 0-0: Called Strike
0-1: Fly out, F9 (Flyball, 89M, EV 91.9 MPH)
Batting: RHB Bryant Francis 0-0: TRIPLE (Line Drive, 89XD, EV 108.1 MPH)
Batting: SHB Darren Lane 0-0: Called Strike
0-1: Ball
1-1: Ball
2-1: Ball
3-1: Called Strike
3-2: Ground out 6-3 (Groundball, 6M, EV 81.2 MPH)
Top of the 6th over - 0 runs, 1 hit, 0 errors, 1 left on base; Indianapolis 1 - Washington 3
BOTTOM OF THE 6TH
Washington Bats batting - Pitching for Indianapolis Clowns : RHP Quintin Shaw
Pitching: LHP Ralph Shields
Batting: RHB Parker Lee 0-0: Ball
1-0: Ball
2-0: Called Strike
2-1: Swinging Strike
2-2: Foul Ball, location: 2F
2-2: Strikes out swinging
Batting: RHB Neall Rabah 0-0: Ball
1-0: Foul Ball, location: 2F
1-1: Foul Ball, location: 2F
1-2: Ground out 5-3 (Groundball, 56, EV 88.1 MPH)
Batting: LHB Joel Bell 0-0: Ball
1-0: SINGLE (Groundball, 34D, EV 96.2 MPH)
Batting: RHB Louis Hockney 0-0: Fielders Choice at 2nd, 5-4 (Groundball, 56, EV 86.9 MPH)
Bottom of the 6th over - 0 runs, 1 hit, 0 errors, 1 left on base; Indianapolis 1 - Washington 3
TOP OF THE 7TH
Indianapolis Clowns batting - Pitching for Washington Bats : LHP Hayden Watkins
Batting: RHB Jett Speer 0-0: Called Strike
0-1: Ball
1-1: Ball
2-1: Swinging Strike
2-2: Strikes out swinging
Pitching: RHP J.P. Lovins
Batting: LHB Grady Faulkner 0-0: Ball
1-0: Foul Ball, location: 2F
1-1: Foul Ball, location: 2F
1-2: SOLO HOME RUN (Flyball, 9D, EV 99.4 MPH), Distance : 376 ft
Batting: RHB Blake Kahn 0-0: Ground out 2-3 (Groundball, 2R, EV 62.5 MPH)
Pinch Hitting: LHB Delano Hurme 0-0: Ball
1-0: Called Strike
1-1: Called Strike
1-2: SINGLE (Flyball, 8LS, EV 89.4 MPH)
Pinch Hitting: LHB Sean Hayward 0-0: Called Strike
0-1: Ball
Delano Hurme is caught stealing 2nd base 2-6
Top of the 7th over - 1 run, 2 hits, 0 errors, 0 left on base; Indianapolis 2 - Washington 3
BOTTOM OF THE 7TH
Washington Bats batting - Pitching for Indianapolis Clowns : LHP Ralph Shields
Now at 2B: Isaac Rowe
Now at SS: Blaise McFarland
Batting: RHB Derek Engledow 0-0: Ball
1-0: DOUBLE (Line Drive, 8RXD, EV 106.9 MPH)
Batting: LHB Evan Wilson 0-0: Ground out 3-1 (Groundball, 34, EV 83.1 MPH)
Derek Engledow to third
Batting: RHB Jeremy Hollabaugh 0-0: Foul Ball, location: 2F
0-1: Ball
1-1: Ball
2-1: Ground out U3 (Groundball, 3, EV 82.5 MPH)
Batting: RHB Owen Dooley 0-0: Swinging Strike
0-1: Foul Ball, location: 2F
0-2: Ball
1-2: Ball
2-2: Foul Ball, location: 2F
2-2: Foul Ball, location: 2F
2-2: Foul Ball, location: 2F
2-2: Ball
3-2: Base on Balls
Pitching: RHP Logan Osborne
Batting: RHB Raymond Dixon 0-0: Called Strike
0-1: Foul Ball, location: 2F
0-2: Ball
1-2: Ball
2-2: Foul Ball, location: 2F
2-2: Foul Ball, location: 2F
2-2: Strikes out swinging
Bottom of the 7th over - 0 runs, 1 hit, 0 errors, 2 left on base; Indianapolis 2 - Washington 3
TOP OF THE 8TH
Indianapolis Clowns batting - Pitching for Washington Bats : RHP J.P. Lovins
Batting: RHB Blaise McFarland 0-0: Ball
1-0: Ball
2-0: Called Strike
2-1: TRIPLE (Line Drive, 5D, EV 96.2 MPH)
Batting: RHB Tom Holderness 0-0: Ball
1-0: Swinging Strike
1-1: Foul Ball, location: 2F
1-2: Ball
2-2: Foul Ball, location: 2F
2-2: Ball
3-2: Base on Balls
Batting: RHB Lee Vincent 0-0: Foul Ball, location: 2F
0-1: Fly out, F9 (Flyball, 9S, EV 87.5 MPH)
Batting: RHB Bryant Francis 0-0: Ball
1-0: Ball
2-0: Called Strike
2-1: Foul Ball, location: 2F
2-2: Ball
3-2: Strikes out swinging
Batting: SHB Darren Lane 0-0: Called Strike
0-1: Ball
1-1: Foul Ball, location: 2F
1-2: Strikes out swinging
Top of the 8th over - 0 runs, 1 hit, 0 errors, 2 left on base; Indianapolis 2 - Washington 3
BOTTOM OF THE 8TH
Washington Bats batting - Pitching for Indianapolis Clowns : RHP Logan Osborne
Batting: RHB Parker Lee 0-0: Called Strike
0-1: Ball
1-1: Called Strike
1-2: Ball
2-2: Strikes out swinging
Batting: RHB Neall Rabah 0-0: Swinging Strike
0-1: Ball
1-1: DOUBLE (Flyball, 89D, EV 100.0 MPH)
Batting: LHB Joel Bell 0-0: Foul Ball, location: 2F
0-1: Ball
1-1: Foul Ball, location: 2F
1-2: Strikes out swinging
Batting: RHB Louis Hockney 0-0: Swinging Strike
0-1: Swinging Strike
0-2: Ground out 6-3 (Groundball, 6, EV 91.9 MPH)
Bottom of the 8th over - 0 runs, 1 hit, 0 errors, 1 left on base; Indianapolis 2 - Washington 3
TOP OF THE 9TH
Indianapolis Clowns batting - Pitching for Washington Bats : RHP J.P. Lovins
Now in LF: Dominick Hanneken
Now in CF: Evan Wilson
Now in RF: Raymond Dixon
Batting: RHB Jett Speer 0-0: Ball
1-0: Foul Ball, location: 2F
1-1: Called Strike
1-2: Foul Ball, location: 2F
1-2: SOLO HOME RUN (Line Drive, 7D, EV 100.0 MPH), Distance : 400 ft
Batting: LHB Grady Faulkner 0-0: DOUBLE (Flyball, 8RXD, EV 110.0 MPH)
Batting: RHB Blake Kahn 0-0: Ball
1-0: Swinging Strike
1-1: Ball
2-1: Ground out 4-3 (Groundball, 34, EV 104.4 MPH)
Grady Faulkner to third
Batting: RHB Isaac Rowe 0-0: Called Strike
0-1: Ball
1-1: Fly out, F8 (Flyball, 89M, EV 91.2 MPH)
Batting: RHB Blaise McFarland 0-0: Called Strike
0-1: Fly out, F8 (Flyball, 8RXD, EV 92.5 MPH)
Top of the 9th over - 1 run, 2 hits, 0 errors, 1 left on base; Indianapolis 3 - Washington 3
BOTTOM OF THE 9TH
Washington Bats batting - Pitching for Indianapolis Clowns : RHP Logan Osborne
Batting: RHB Derek Engledow 0-0: Ball
1-0: Called Strike
1-1: Foul Ball, location: 2F
1-2: Ball
2-2: Ball
3-2: Strikes out swinging
Batting: LHB Evan Wilson 0-0: Called Strike
0-1: Swinging Strike
0-2: Ground out U3 (Groundball, 34, EV 80.0 MPH)
Pitching: LHP Jaden Ezell
Batting: RHB Jeremy Hollabaugh 0-0: Ball
1-0: Ball
2-0: Ball
3-0: Foul Ball, location: 2F
3-1: Swinging Strike
3-2: Strikes out swinging
Bottom of the 9th over - 0 runs, 0 hits, 0 errors, 0 left on base; Indianapolis 3 - Washington 3
TOP OF THE 10TH
Indianapolis Clowns batting - Pitching for Washington Bats : RHP J.P. Lovins
Pitching: RHP Jeremy Greene
Batting: RHB Tom Holderness 0-0: Called Strike
0-1: Ball
1-1: Foul Ball, location: 2F
1-2: Foul Ball, location: 2F
1-2: Ball
2-2: Foul Ball, location: 2F
2-2: Ball
3-2: Fly out, F9 (Flyball, 9LSF, EV 94.4 MPH)
Batting: RHB Lee Vincent 0-0: Called Strike
0-1: Foul Ball, location: 2F
0-2: Foul Ball, location: 2F
0-2: Foul Ball, location: 2F
0-2: SOLO HOME RUN (Flyball, 9LD, EV 95.6 MPH), Distance : 332 ft
Batting: RHB Bryant Francis 0-0: Ball
1-0: Foul Ball, location: 2F
1-1: Ball
2-1: Foul Ball, location: 2F
2-2: Fly out, F8 (Flyball, 78D, EV 75.0 MPH)
Batting: SHB Darren Lane 0-0: Ball
1-0: Ball
2-0: Called Strike
2-1: Called Strike
2-2: Strikes out swinging
Top of the 10th over - 1 run, 1 hit, 0 errors, 0 left on base; Indianapolis 4 - Washington 3
BOTTOM OF THE 10TH
Washington Bats batting - Pitching for Indianapolis Clowns : LHP Jaden Ezell
Batting: RHB Owen Dooley 0-0: Swinging Strike
0-1: Ball
1-1: Ball
2-1: Called Strike
2-2: Ball
3-2: SINGLE (Groundball, 34D, EV 108.8 MPH)
Batting: RHB Raymond Dixon 0-0: Ball
1-0: Sac Bunt to 25 - play at first, batter OUT! 5-3
Owen Dooley to second
Batting: RHB Parker Lee 0-0: Foul Ball, location: 2F
0-1: Ball
1-1: Swinging Strike
1-2: Foul Ball, location: 2F
1-2: Ball
2-2: Foul Ball, location: 2F
2-2: Ball
3-2: Foul Ball, location: 2F
3-2: Foul Ball, location: 2F
3-2: Base on Balls
Batting: RHB Neall Rabah 0-0: Ball
1-0: Fly out, F8 (Flyball, 8RXD, EV 84.4 MPH)
Runner from 2nd tags up, SAFE at 3rd, no throw by CF
Pinch Hitting: RHB Zechariah Norkus 0-0: Called Strike
0-1: Foul Ball, location: 2F
0-2: Foul Ball, location: 2F
0-2: Ground out 6-3 (Groundball, 6MS, EV 80.6 MPH)
Bottom of the 10th over - 0 runs, 1 hit, 0 errors, 2 left on base; Indianapolis 4 - Washington 3
Monday, April 29th , 2024 - OOTP Baseball 23.10 Build 110